 Dungeon Crawl Stone Soup version 0.14-a0-1863-gcc20582 (webtiles) character file.

235 M4edhros the Poker (level 5, 0/36 HPs)
             Began as an Octopode Chaos Knight on Jan 14, 2014.
             Was a Plaything of Xom.
             Slain by a two-headed ogre
             ... wielding a +0,+0 giant club
              (17 damage)
             ... on Level 4 of the Dungeon.
             The game lasted 00:03:35 (1700 turns).

M4edhros the Poker (Octopode Chaos Knight)          Turns: 1700, Time: 00:03:36

HP   0/36        AC  1     Str 11      XL: 5   Next: 38%
MP   5/5         EV 18     Int 15      God: Xom
Gold 79          SH  0     Dex 17      Spells:  0 memorised,  4 levels left

rFire  . . .     SeeInvis .     a - +0 spear (chaos)
rCold  . . .     Clarity  .     (no shield)
rNeg   . . .     Conserve .     (helmet restricted)
rPois  .         rCorr    .     (no amulet)
rElec  .         rRot     .     (no ring)
SustAb . .       Spirit   .     (no ring)
rMut   .         Warding  .     (no ring)
Saprov . . .     Stasis   .     (no ring)
MR     .....                    (no ring)
                                (no ring)
                                (no ring)
                                (no ring)

@: confused, agile, not resistant to hostile enchantments, stealthy
A: almost no armour, amphibious, 8 rings, constrict 8, camouflage 1, gelatinous
body 1
a: Renounce Religion


You were on level 4 of the Dungeon.
You worshipped Xom.
You were a special plaything of Xom.
You were hungry.

You visited 1 branch of the dungeon, and saw 4 of its levels.

You collected 79 gold pieces.

Inventory:

Hand weapons
 a - a +0,+0 spear of chaos (weapon)
Comestibles
 c - 4 bread rations
 f - a cheese
 k - 2 chunks of orc flesh
Scrolls
 b - 2 scrolls of curse jewellery {unknown}
 d - a scroll of remove curse {unknown}
 e - 2 scrolls of identify {unknown}
 g - a scroll of recharging {unknown}
 h - a scroll of amnesia {unknown}
 i - a scroll of magic mapping {unknown}
 m - a scroll of noise {unknown}
Potions
 j - a potion of curing
Books
 l - a Grand Grimoire {highlevel}

   This book is beyond your current level of understanding.

   Spells                             Type                      Level
   Demonic Horde                      Summoning                    6
   Mass Abjuration                    Summoning                    6
   Haunt                              Necromancy/Summoning         7
   Summon Greater Demon               Summoning                    7
   Malign Gateway                     Summoning/Translocation      7
   Summon Horrible Things             Summoning                    8


   Skills:
 - Level 3.0 Fighting
 + Level 5.9 Polearms
 - Level 2.3 Dodging


You had 4 spell levels left.
You didn't know any spells.

Dungeon Overview and Level Annotations

Branches:
Dungeon (4/16)
 Temple: D:4-7

Altars:

Annotations:
D:4 CrazyArbalest's ghost, average OgBe


Innate Abilities, Weirdness & Mutations

You cannot wear most types of armour.
You are amphibious.
You can wear up to eight rings at the same time.
You can use your tentacles to constrict many enemies at once.
Your skin changes colour to match your surroundings (Stlth).
Your rubbery body absorbs attacks (AC +1).


Message History

You hit the hound.
The hound appears confused.
You squeeze the hound.
The hound is severely wounded.
You constrict the hound.
You are feeling hungry.
You hit the hound.
You kill the hound!
The orc barely misses you.
Xom titters.
You are confused.
The hound misses you.
Ouch! The hound closely misses you.
You hit the hound but do no damage.
Sparks fly from the hound's front paws!
The hound bites you. The two-headed ogre misses you.
The two-headed ogre barely misses you.
You hit the two-headed ogre but do no damage.
The hound bites you. The hound misses you.
The two-headed ogre barely misses you.
The two-headed ogre hits you with a giant club!
You die...
Xom cackles wildly!

♣....♣♣♣♣♣♣♣♣♣♣♣♣♣♣♣♣♣♣♣♣♣♣
♣♣..♣♣♣♣♣♣♣....♣♣♣♣♣♣♣...
♣♣.......)..♣♣§§§♣♣....♣♣
♣♣♣...♣♣♣♣♣♣♣♣♣♣♣...♣♣♣♣♣
♣♣♣♣♣..%♣♣♣♣♣♣♣♣♣♣♣♣♣♣♣♣♣♣♣
♣♣.....♣♣♣♣♣♣♣ ♣♣♣♣♣♣♣
♣♣.♣♣♣♣....♣♣♣♣♣
♣.♣♣♣♣♣♣♣♣§§O♣♣♣♣ ♣
♣♣♣♣♣♣@hor♣♣ ♣♣♣♣♣.....♣♣
♣♣♣♣♣♣♣.... ♣♣♣♣♣.. .


You could see a two-headed ogre, a hound, an orc and a rat.

Vanquished Creatures
  A hound (D:4)
  2 scorpions
  3 adders
  2 worms
  A giant gecko (D:3)
  An ooze (D:2)
  2 orcs (D:3)
  2 bats (D:4)
  4 goblins
  4 hobgoblins
  2 jackals (D:3)
  2 quokkas
  5 kobolds
  5 rats
36 creatures vanquished.

Notes
Turn   | Place    | Note
--------------------------------------------------------------
     0 | D:1      | M4edhros, the Octopode Chaos Knight, began the quest for the Orb.
     0 | D:1      | Reached XP level 1. HP: 16/16 MP: 1/1
    43 | D:1      | XOM: silly message
   364 | D:2      | Reached XP level 2. HP: 7/21 MP: 2/2
   429 | D:2      | XOM: harmless Ice miscast
   640 | D:2      | XOM: divination: magic mapping
   783 | D:3      | Reached skill level 4 in Polearms
   816 | D:3      | Reached XP level 3. HP: 8/26 MP: 3/3
  1122 | D:3      | XOM: mild Tloc miscast
  1123 | D:3      | Noticed a spatial vortex
  1159 | D:4      | Noticed CrazyArbalest's ghost (average OgBe)
  1218 | D:3      | Reached XP level 4. HP: 5/31 MP: 4/4
  1246 | D:3      | XOM: mild Necr miscast
  1473 | D:3      | Reached skill level 5 in Polearms
  1657 | D:4      | XOM: colour smoke trail
  1667 | D:4      | XOM: potion effect (agility)
  1670 | D:4      | Reached XP level 5. HP: 36/36 MP: 5/5
  1690 | D:4      | Noticed a two-headed ogre
  1697 | D:4      | XOM: confusion
  1700 | D:4      | Slain by a two-headed ogre

Action                   |  1- 3 |  4- 6 || total
-------------------------+-------+-------++-------
Melee: Spear             |    75 |    32 ||   107
  Use: Potion            |     1 |       ||     1
 Stab: Sleeping          |     3 |     1 ||     4
       Distracted        |     1 |       ||     1
       Paralysed         |       |     1 ||     1
